 Dungeon Crawl Stone Soup version 0.25.0-33-gff14898491 (webtiles) character file.

Game seed: 10752544284389433942

84 nikku the Sneak (level 4, 0/30 HPs)
             Began as an Octopode Assassin on July 7, 2020.
             Slain by a goblin
             ... wielding a +0 dagger
             ... led by Robin
              (3 damage)
             ... on level 2 of the Dungeon.
             The game lasted 00:02:35 (1035 turns).

nikku the Sneak (Octopode Assassin)                 Turns: 1035, Time: 00:02:36

Health: 0/30       AC:  1    Str: 10    XL:     4   Next: 46%
Magic:  4/4        EV: 13    Int: 13    God:
Gold:   25         SH:  0    Dex: 14    Spells: 3/3 levels left

rFire    . . .     SeeInvis .   a - +2 dagger
rCold    . . .     Gourm    .   (no shield)
rNeg     . . .     Faith    .   (helmet restricted)
rPois    .         Spirit   .   (no amulet)
rElec    .         Reflect  .   (no ring)
rCorr    .         Harm     .   (no ring)
MR       .....                  (no ring)
Stlth    ++++......             (no ring)
HPRegen  0.10/turn              (no ring)
MPRegen  0.09/turn              (no ring)
                                (no ring)
                                (no ring)

@: no status effects
A: almost no armour, stealthy swim, amphibious, 8 rings, constrict 8, camouflage
1, gelatinous body 1
a: no special abilities


You were on level 2 of the Dungeon.
You were not hungry.

You visited 1 branch of the dungeon, and saw 2 of its levels.

You collected 25 gold pieces.

Inventory:

Hand Weapons
 a - a +2 dagger (weapon)
Missiles
 b - a poisoned dart (quivered)
 c - 2 curare-tipped darts
Potions
 e - 2 potions of curing
 f - a potion of degeneration {unknown}
 k - a potion of lignification {unknown}
Comestibles
 d - 2 rations


   Skills:
 + Level 2.7 Fighting
 + Level 2.6 Short Blades
 + Level 2.6 Throwing
 + Level 2.0 Dodging
 + Level 5.9 Stealth


You had 3 spell levels left.
You didn't know any spells.
Your spell library was empty.

Dungeon Overview and Level Annotations

Branches:
Dungeon (2/15)

Altars:
Trog


Innate Abilities, Weirdness & Mutations

You cannot wear most types of armour.
You are very stealthy in the water. (Stealth+)
You are amphibious.
You can wear up to eight rings at the same time.
You can use your tentacles to constrict eight enemies at once.
Your skin changes colour to match your surroundings (Stealth+).
Your rubbery body absorbs attacks. (AC +1, EV +1)


Message History

The goblin hits you with a +0 dagger.
* * * LOW HITPOINT WARNING * * *
You hit the goblin. You grab the goblin.
The goblin is severely wounded.
You constrict the goblin.
You kill the goblin!
You hit the goblin.
You kill the goblin!
The goblin closely misses you.
All of the chunks of flesh in your inventory have rotted away.
You hit the rat. Your grab misses the rat. You squeeze the rat.
You kill the rat!
Your Dodging skill increases to level 2!
The goblin barely misses you.
You closely miss the hobgoblin. You grab the hobgoblin.
You squeeze the hobgoblin.
You kill the hobgoblin!
The goblin no longer looks unusually strong.
The goblin hits you with a +0 dagger.
You die...

##. ##..##....# .#
##..#....##.#.##...
#....รท...).(.....
#...##.#.(.......
#....##
#...((...... #.###
###.##....## . #.#
#...# #g# (..# #@#
#...# #g# .... ..#
.## ..## ... ..#.
..... .## #.


You could see a hobgoblin (strong) and a goblin.

Vanquished Creatures
  Natasha (D:2)
  Robin (D:2)
  An adder (D:2)
  A worm (D:2)
  A dart slug (D:1)
  A leopard gecko (D:1)
  A ball python (D:2)
  3 bats
  2 giant cockroaches (D:1)
  5 hobgoblins
  A frilled lizard (D:1)
  10 goblins
  3 kobolds (D:1)
  2 rats
33 creatures vanquished.

Notes
Turn   | Place    | Note
-------+----------+-------------------------------------------
     0 | D:1      | nikku the Octopode Assassin began the quest for the Orb.
     0 | D:1      | Reached XP level 1. HP: 14/14 MP: 1/1
   215 | D:1      | Reached XP level 2. HP: 18/19 MP: 2/2
   760 | D:2      | Found a bloodstained altar of Trog.
   760 | D:2      | Noticed Natasha
   766 | D:2      | Killed Natasha
   766 | D:2      | Reached XP level 3. HP: 25/25 MP: 3/3
   776 | D:2      | Reached XP level 4. HP: 30/30 MP: 4/4
  1019 | D:2      | Noticed Robin
  1031 | D:2      | Killed Robin
  1035 | D:2      | Slain by a goblin

Illustrated notes

Levels and vault maps discovered:
D:1:      lemuel_arrival_behind_the_door_small, layout_loops_ring
D:2:      layout_rooms, lemuel_crystal_altar, uniq_robin, uniq_jessica,
          uniq_natasha

Skill      XL: |  1  2  3  4 |
---------------+-------------+-----
Dodging        | 2 |  2.0
Fighting       | |  2.7
Short Blades   | |  2.6
Throwing       | |  2.6
Stealth        | |  5.9

Action                   |  1- 3 |  4- 6 || total
-------------------------+-------+-------++-------
Melee: Dagger            |    34 |    23 ||    57
       Constrict         |     8 |     5 ||    13
       Tentacles         |     4 |     8 ||    12
Throw: Dart              |     2 |     6 ||     8
  Use: Scroll            |     4 |       ||     4
 Stab: Sleeping          |     4 |       ||     4
Armor: Skin              |     1 |       ||     1
Dodge: Dodged            |    19 |     8 ||    27
